 Dungeon Crawl Stone Soup version 0.32-a0-599-gba8f9cf90e (webtiles) character file.

Game seed: 9441766119814426451

13944 Aldia the Nimble (level 11, 0/58 HPs)
             Began as a Felid Summoner on Mar 3, 2024.
             Was a Priest of Kikubaaqudgha.
             Slain by a basilisk (9 damage)
             ... while petrified by a basilisk
             ... on level 1 of the Lair of Beasts.
             The game lasted 00:48:07 (12013 turns).

Aldia the Nimble (Felid Summoner)                  Turns: 12013, Time: 00:48:08

Health: 0/58       AC:  2    Str:  4    XL:     11   Next: 82%
Magic:  8/25       EV:  4    Int: 32    God:    Kikubaaqudgha [***...]
Gold:   113        SH:  0    Dex: 23    Spells: 2/28 levels left
                                        Lives:  0   Deaths: 4

rFire   + . .        (weapon unavailable)
rCold   . . .        (shield unavailable)
rNeg    + + +        (body armour unavailable)
rPois   ∞            (helmet unavailable)
rElec   +            (cloak unavailable)
rCorr   .            (gloves unavailable)
SInv    +            (boots unavailable)
Will    +....        E - amulet "Ybuwk" {rElec rPois rF+ Regen+ Int+3}
Stlth   +++          c - +6 ring of intelligence
HPRegen 1.09/turn    i - +6 ring of dexterity
MPRegen 0.19/turn

%: no passive effects
@: petrified, animating dead, inugami summoned
A: very small, claws 1, fangs 3, see invisible, shaggy fur 2, stealthy paws, no
weapons or thrown items, no armour, multi-lived
a: Renounce Religion, Unearth Wretches


You were on level 1 of the Lair of Beasts.
You worshipped Kikubaaqudgha.
Kikubaaqudgha was most pleased with you.
You visited 3 branches of the dungeon, and saw 13 of its levels.
You also visited: Sewer and Ossuary.

You collected 1453 gold pieces.
You spent 1340 gold pieces at shops.

Inventory:

Jewellery
 c - a +6 ring of intelligence (left paw)
 i - a +6 ring of dexterity (right paw)
 n - a +6 ring of strength
 w - a ring of resist corrosion
 C - a ring of fire
 E - the amulet "Ybuwk" (around neck) {rElec rPois rF+ Regen+ Int+3}
   (You acquired it on level 7 of the Dungeon)

   [amulet of regeneration]

   Int+3:     It affects your intelligence (+3).
   rF+:       It protects you from fire.
   rElec:     It insulates you from electricity.
   rPois:     It protects you from poison.
   Regen+:    It increases your rate of health regeneration.
 F - the ring of Ecwall {^Contam rPois rF++ MP+9}
   (You bought it in a shop on level 7 of the Dungeon)

   [ring of magical power]

   rF++:      It greatly protects you from fire.
   rPois:     It protects you from poison.
   MP+9:      It affects your magic capacity (+9).
   ^Contam:   It causes magical contamination when unequipped.
 G - an amulet of magic regeneration
Talismans
 I - a granite talisman
Wands
 q - a wand of flame (19)
 y - a wand of charming (6)
 z - a wand of polymorph (2)
 B - a wand of iceblast (26)
Scrolls
 b - a scroll of brand weapon {unknown}
 d - 3 scrolls of revelation
 f - a scroll of fog {unknown}
 r - a scroll of teleportation
 s - a scroll of noise
 u - a scroll of vulnerability {unknown}
 v - a scroll of poison {unknown}
 x - a scroll of immolation {unknown}
 A - a scroll of fear {unknown}
 D - 2 scrolls of blinking {unknown}
 H - a scroll of amnesia
 J - a scroll of enchant armour {unknown}
Potions
 a - 2 potions of magic
 e - a potion of resistance {unknown}
 g - 2 potions of attraction
 h - 4 potions of haste
 j - 2 potions of might
 k - a potion of berserk rage
 l - 6 potions of curing
 m - a potion of lignification
 o - 2 potions of cancellation {unknown}
 p - 3 potions of mutation
 t - a potion of enlightenment {unknown}


   Skills:
 + Level 7.4 Fighting
 + Level 9.5 Dodging
 - Level 3.0 Stealth
 + Level 9.0 Spellcasting
 - Level 9.0 Summonings
 + Level 5.2 Necromancy
 - Level 5.0 Fire Magic
 - Level 5.0 Air Magic
 + Level 1.7 Earth Magic
 - Level 1.7 Evocations
 - Level 2.9 Shapeshifting


You had 2 spell levels left.
You knew the following spells:

 Your Spells              Type           Power      Damage    Failure   Level
a - Death Channel         Necr           24%        N/A       52%         6
b - Borgnjor's Vile Clut  Necr/Erth      18%        N/A       22%         5
c - Call Canine Familiar  Summ           64%        N/A       1%          3
d - Summon Blazeheart Go  Fire/Summ      56%        N/A       1%          4
e - Summon Lightning Spi  Summ/Air       56%        N/A       1%          4
f - Animate Dead          Necr           48%        N/A       3%          4

Your spell library contained the following spells:

 Spells                   Type           Power      Damage    Failure   Level
 Kiss of Death            Conj/Necr      100%       2d13      1%          1
 Summon Small Mammal      Summ           100%       N/A       1%          1
 Call Imp                 Summ           100%       N/A       1%          2
 Cigotuvi's Dreadful Rot  Necr/Alch/Air  72%        N/A       1%          2
 Sublimation of Blood     Necr           48%        N/A       1%          2
 Apportation              Tloc           28%        N/A       3%          1
 Jinxbite                 Hex            28%        N/A       4%          2
 Vampiric Draining        Necr           48%        2d9       1%          3
 Martyr's Knell           Necr/Summ      56%        N/A       1%          4
 Dispel Undead            Necr           48%        3d18      3%          4
 Confusing Touch          Hex            14%        N/A       10%         3
 Ignite Poison            Fire/Alch      30%        N/A       12%         4
 Alistair's Intoxication  Alch           9%         N/A       67%         5
 Haunt                    Necr/Summ      28%        N/A       83%         7
 Borgnjor's Revivificati  Necr           24%        N/A       100%        8
 Death's Door             Necr           24%        N/A       100%        9


Dungeon Overview and Level Annotations

Branches:
Dungeon (11/15)            Temple (1/1) D:5            Lair (1/5) D:8
    Orc (0/2) D:9           Sewer (visited)         Ossuary (visited)

Altars:
Ashenzari
Cheibriados
Dithmenos
Elyvilon
Fedhas
Gozag
Hepliaklqana
Kikubaaqudgha
Makhleb
Nemelex Xobeh
Okawaru
Qazlal
Ru
Sif Muna
Trog
Uskayaw
Vehumet
Wu Jian
Xom
Yredelemnul
Zin
The Shining One
Beogh

Shops:
D:7 =*

Annotations:
D:7 1 runed translucent door, Dittersdorf's ghost, novice GrFi


Innate Abilities, Weirdness & Mutations

You have sharp claws.
You have razor-sharp teeth.
You have supernaturally acute eyesight. (SInv)
You are covered in thick fur. (AC +2)
Your paws help you pounce on unaware monsters.
You are incapable of wielding weapons or throwing items.
You cannot wear armour.
You gain extra lives every three experience levels.


Message History

Unknown command.
Unknown command.
Unknown command.
The blink frog attacks as it pursues you!
The blink frog hits you but does no damage.
The basilisk gazes at you. You resist with almost no effort.
The blink frog hits you. The basilisk gazes at you.
You resist with almost no effort.
Your limbs are stiffening.
Unknown command.
Your lightning spire shoots out a bolt of lightning at the basilisk!
The bolt of electricity hits the basilisk!
The blink frog barely misses you.
Your lightning spire shoots out a bolt of lightning at the basilisk!
The bolt of electricity hits the basilisk!
The bolt of electricity hits the blink frog!!
You have turned to stone.
The basilisk bites your lightning spire!
The blink frog hits your lightning spire!!
The blink frog hits your lightning spire!
The basilisk bites your lightning spire!
Your lightning spire is destroyed!
Your lightning spire disappears in a puff of smoke!
The basilisk hisses angrily.
The blink frog croaks.
The basilisk bites you.
* * * LOW HITPOINT WARNING * * *
The blink frog barely misses you. The basilisk gazes at you.
You resist with almost no effort.
The blink frog hits you but does no damage.
The blink frog hits you.
* * * LOW HITPOINT WARNING * * *
The blink frog blinks!
The basilisk bites you!
* * * LOW HITPOINT WARNING * * *
The basilisk bites you!
* * * LOW HITPOINT WARNING * * *
The basilisk bites you!!
You die...
Kikubaaqudgha rasps: You have failed me!
Welcome... oblivion!

## #.## #### ##...###
#... ###......# #######
##... #........##
#[......##....
#.....F..##....##........
#........................
#.......@.##.............
#......l..# ............
#.........# ............
...........# ###.#.#.....
##....#....# # #..###..
#.#..##.....# #.## ###
#.... .#...#.# ## #..#
....#.......#.#.##.## ..
..#.♣.#.....w..##


You could see a basilisk and a blink frog.

Vanquished Creatures
  2 two-headed ogres
  A death yak (D:8)
  A black mamba (Lair:1)
  A cane toad (Lair:1)
  A komodo dragon (D:10)
  A troll (D:10)
  A shadow (D:10)
  10 yaks
  A wraith (D:7)
  A steam dragon (D:6)
  2 basilisks
  2 vampire mosquitoes
  An acid dragon (D:9)
  2 water moccasins
  2 orc warriors
  A black bear (D:8)
  An ogre (D:5)
  2 centaurs
  A kobold brigand (D:10)
  2 bullfrogs
  A gnoll sergeant (D:9)
  2 wights (D:9)
  6 killer bees
  A centaur zombie (Ossuary)
  4 gnolls
  2 adders
  An orc zombie (D:10)
  4 orcs
  3 bats
  2 endoplasms
  A giant cockroach (D:2)
  3 jackals (D:1)
  4 kobolds
  A quokka (D:5)
  2 ball pythons
  4 goblins
  2 rats (D:2)
79 creatures vanquished.

Vanquished Creatures (collateral kills)
  2 elephants
  2 komodo dragons (Lair:1)
  A troll (D:10)
  3 blink frogs (Lair:1)
  2 dream sheep (Lair:1)
  Sigmund (D:2)
  4 vampire mosquitoes
  4 yaks
  A steam dragon (D:6)
  A water moccasin (D:5)
  An ice beast (D:6)
  A sky beast (D:8)
  A black bear (D:6)
  6 wolves (Lair:1)
  A centaur (D:9)
  2 kobold brigands
  5 bullfrogs
  2 gnoll sergeants
  2 scorpions
  5 wights (D:9)
  11 killer bees
  A jelly (D:7)
  2 bombardier beetles (D:5)
  2 centaur zombies (Ossuary)
  2 hounds (D:5)
  2 orc priests (D:9)
  Natasha (twice) (D:3)
  2 iguanas
  A hell rat (Sewer)
  2 sleepcaps
  Ijyb (D:5)
  9 orc wizards
  5 hound zombies (Ossuary)
  2 mummies
  Robin (D:4)
  3 adders
  9 gnolls
  2 river rats (Sewer)
  A white imp (D:6)
  6 ufetubi
  8 adder zombies (Ossuary)
  A dart slug (D:1)
  A ribbon worm (D:3)
  26 orcs
  3 ball pythons (D:1)
  5 endoplasms
  A giant cockroach (D:5)
  9 goblins (D:4)
  8 hobgoblins
  9 jackals
  8 kobolds
  3 quokkas
  4 bats
  4 frilled lizards
  3 gnoll zombies (Ossuary)
  A jackal zombie (Ossuary)
  A kobold zombie (Ossuary)
  5 orc zombies (Ossuary)
  6 rats
219 creatures vanquished.

Vanquished Creatures (others)
  A human (D:6)
  A komodo dragon zombie (Lair:1)
  4 wolf zombies (Lair:1)
  A bullfrog zombie (Lair:1)
  2 orc zombies (D:10)
  46 blazeheart cores
55 creatures vanquished.

Grand Total: 353 creatures vanquished

Notes
Turn   | Place    | Note
-------+----------+-------------------------------------------
     0 | D:1      | Aldia the Felid Summoner began the quest for the Orb.
     0 | D:1      | Reached XP level 1. HP: 9/9 MP: 4/4
   216 | D:1      | Reached XP level 2. HP: 7/13 MP: 4/6
   276 | D:1      | Learned a level 2 spell: Call Imp
   287 | D:1      | Slain by a jackal
   287 | D:1      | Lost a life (0 lives remaining)
   697 | D:1      | Reached XP level 3. HP: 14/16 MP: 2/8
   701 | D:1      | Learned a level 3 spell: Call Canine Familiar
  1044 | D:2      | Found a faded altar of an unknown god.
  1314 | D:2      | Noticed Sigmund
  1328 | D:2      | Killed Sigmund
  1329 | D:2      | Reached skill level 5 in Summonings
  1329 | D:2      | Reached XP level 4. HP: 21/21 MP: 6/11
  1329 | D:2      | Gained a life (1 life remaining)
  1329 | D:2      | Reached XP level 5. HP: 24/24 MP: 6/12
  1334 | D:2      | Learned a level 4 spell: Summon Blazeheart Golem
  2223 | D:3      | Noticed Natasha
  2229 | D:3      | Killed Natasha
  2230 | D:3      | Reached skill level 1 in Fire Magic
  2230 | D:3      | Gained mutation: You are covered in thick fur. (AC +2)
                  | [Felid growth]
  2230 | D:3      | Reached XP level 6. HP: 28/28 MP: 9/13
  2660 | D:3      | Noticed Natasha
  2666 | D:3      | Killed Natasha
  2764 | D:3      | You fall into a shaft and drop 3 floors!
  2773 | D:5      | Entered Level 5 of the Dungeon
  2777 | D:5      | Found a glowing drain.
  2801 | D:5      | Noticed Ijyb
  2802 | D:5      | Noticed a yak
  2803 | D:5      | Noticed a yak
  2804 | D:5      | Noticed a yak
  2804 | D:5      | Noticed a yak
  2805 | D:5      | Noticed a yak
  2807 | Sewer    | Entered a sewer
  2934 | Sewer    | Reached XP level 7. HP: 29/32 MP: 9/14
  2934 | Sewer    | Gained a life (2 lives remaining)
  3243 | D:4      | Found a sand-covered staircase.
  3252 | Ossuary  | Entered an ossuary
  3536 | Ossuary  | HP: 1/32 [centaur zombie (2)]
  3573 | Ossuary  | HP: 1/32 [elf zombie (7)]
  3579 | Ossuary  | Killed by an exploding blazeheart core
  3579 | Ossuary  | Lost a life (1 life remaining)
  3580 | Ossuary  | Reached skill level 5 in Spellcasting
  3851 | D:3      | Learned a level 4 spell: Summon Lightning Spire
  4217 | D:4      | Noticed Robin
  4232 | D:4      | Killed Robin
  4309 | D:4      | Found a hide-covered altar of Uskayaw.
  4527 | D:5      | Found a staircase to the Ecumenical Temple.
  4547 | Temple   | Entered the Ecumenical Temple
  4703 | D:5      | Killed Ijyb
  4704 | D:5      | Reached XP level 8. HP: 29/37 MP: 6/16
  4738 | D:5      | Reached skill level 1 in Fighting
  4763 | D:5      | Reached skill level 5 in Fire Magic
  4791 | D:4      | Reached skill level 1 in Air Magic
  5275 | D:6      | Found an opulent altar of Gozag.
  5299 | D:6      | Reached XP level 9. HP: 30/43 MP: 12/19
  5473 | D:6      | Found an ancient bone altar of Kikubaaqudgha.
  5477 | D:6      | Became a worshipper of Kikubaaqudgha
  6615 | D:7      | Found Akhofav's Elemental Accessories.
  6702 | D:7      | Found Saocei's Jewellery Boutique.
  6884 | D:7      | Found a runed translucent door.
  6884 | D:7      | Noticed Dittersdorf's ghost (novice GrFi)
  6964 | D:7      | Found a shimmering altar of Xom.
  6967 | D:7      | Found a shimmering altar of Xom.
  7083 | D:7      | Found a burning altar of Makhleb.
  7085 | D:7      | Found a shadowy altar of Dithmenos.
  7090 | D:7      | Found a blossoming altar of Fedhas.
  7093 | D:7      | Found a glowing golden altar of the Shining One.
  7093 | D:7      | Found a broken altar of Ashenzari.
  7097 | D:7      | Found a sacrificial altar of Ru.
  7101 | D:7      | Found a hazy altar of Hepliaklqana.
  7625 | D:8      | Reached skill level 5 in Dodging
  7811 | D:8      | Found a staircase to the Lair.
  7811 | D:8      | Noticed an elephant
  7816 | D:8      | Noticed a death yak
  7823 | D:8      | Reached * piety under Kikubaaqudgha
  7823 | D:8      | Received a gift from Kikubaaqudgha
  7824 | D:8      | Reached skill level 5 in Air Magic
  7824 | D:8      | Reached XP level 10. HP: 51/51 MP: 18/21
  7824 | D:8      | Gained a life (2 lives remaining)
  7831 | D:8      | Killed an elephant
  7834 | D:8      | Killed a death yak
  7835 | D:8      | Reached skill level 5 in Fighting
  7845 | D:8      | Got the Meditations on Horrible Toxicology
  8189 | D:8      | Learned a level 4 spell: Animate Dead
  8383 | D:8      | Found a snail-covered altar of Cheibriados.
  8903 | D:8      | Reached skill level 1 in Necromancy
  9032 | D:9      | Killed by an exploding blazeheart core
  9032 | D:9      | Lost a life (1 life remaining)
  9195 | D:9      | Reached ** piety under Kikubaaqudgha
  9196 | D:9      | Reached skill level 1 in Evocations
  9364 | D:9      | Noticed a two-headed ogre
  9389 | D:9      | Killed a two-headed ogre
  9395 | D:9      | Reached skill level 1 in Shapeshifting
  9599 | D:9      | Reached XP level 11. HP: 21/56 MP: 16/24
  9678 | D:9      | Found a staircase to the Orcish Mines.
  9682 | D:9      | Identified 3 scrolls of acquirement
  9682 | D:9      | Acquired 766 gold pieces
  9896 | D:7      | Bought the ring of Ecwall {^Contam rPois rF++ MP+9} for 560
                  | gold pieces
  9897 | D:7      | Acquired an amulet of magic regeneration
  9911 | D:7      | Acquired the amulet "Ybuwk" {rElec rPois rF+ Regen+ Int+3}
 10246 | D:9      | Found a roughly hewn altar of Beogh.
 10306 | D:10     | Entered Level 10 of the Dungeon
 10480 | D:10     | Reached *** piety under Kikubaaqudgha
 10480 | D:10     | Received a gift from Kikubaaqudgha
 10493 | D:10     | Learned a level 6 spell: Death Channel
 10703 | D:10     | Noticed a two-headed ogre
 10717 | D:10     | Killed a two-headed ogre
 11318 | D:11     | Noticed a boulder beetle
 11416 | Lair:1   | Entered Level 1 of the Lair of Beasts
 11537 | D:7      | Bought a granite talisman for 780 gold pieces
 11679 | Lair:1   | Learned a level 5 spell: Borgnjor's Vile Clutch
 11754 | Lair:1   | Slain by a torpor snail
 11754 | Lair:1   | Lost a life (0 lives remaining)
 11967 | Lair:1   | Reached skill level 5 in Necromancy
 11967 | Lair:1   | Reached skill level 1 in Earth Magic
 12013 | Lair:1   | Slain by a basilisk

Illustrated notes

Levels and vault maps discovered:
D:1:      roderic_crop_circles_arrival_large, layout_basic,
          minmay_splitting_lines, chequers_decorated_corner,
          minmay_crystal_room, minmay_tromino_v4_c
D:2:      wander_river, layout_basic, nicolae_ecumenical_pavilion, uniq_sigmund
D:3:      layout_basic, uniq_natasha
D:4:      layout_cave_pools, nicolae_uskayaw_dance_hall,
          nicolae_ossuary_entry_ruins, nicolae_concentric_dashed_squares_wild,
          uniq_robin
D:5:      layout_rooms, minmay_temple_entry_grid, gup_sewer_entry_glass,
          uniq_ijyb
D:6:      layout_rooms, nicolae_gozag_cash_rules_everything_around_me,
          tgw_kikubaaqudgha
D:7:      layout_loops_corners, xom_redecorated,
          nicolae_overflow_hallway_of_the_gods, gammafunk_ghost_grave,
          serial_shops, shop, corexii_hall_statues_i, nicolae_elemental_shop
D:8:      layout_basic, chei_slow_surprise, david_lair_generic
D:9:      layout_roguey, minmay_orc_entry_temple_small
D:10:     layout_gridville, serial_glass, glass_columns_c, glass_columns_b
D:11:     layout_layer_cave, serial_bayou_pond_d, minmay_bent, uniq_fannar
Temple:   nicolae_temple_two_arcs
Lair:1:   layout_gridlike, grunt_megastairs_1

Skill      XL: |  1  2  3  4  5  6  7  8  9 10 11 |
---------------+----------------------------------+-----
Spellcasting   | 4 5 6 7 8 9 |  9.0
Summonings     | 5 6 7 8 9 |  9.0
Fire Magic     | 1 2 4 5 |  5.0
Stealth        | 3 |  3.0
Fighting       | 2 4 6 7 |  7.4
Dodging        | 3 5 7 9 |  9.5
Air Magic      | 3 5 |  5.0
Necromancy     | 3 5 |  5.2
Evocations     | 1 |  1.7
Shapeshifting  | 1 2 |  2.9
Earth Magic    | 1 |  1.7

Action                     |  1- 3 |  4- 6 |  7- 9 | 10-12 || total
---------------------------+-------+-------+-------+-------++-------
  Melee: Unarmed           |    40 |    28 |    45 |    81 ||   194
         Bite              |     4 |     2 |    10 |     7 ||    23
         Punch             |       |     1 |     1 |     3 ||     5
   Cast: Summon Small Mamm |    36 |       |    31 |       ||    67
         Call Imp          |     7 |     9 |    16 |     1 ||    33
         Call Canine Famil |     2 |    14 |    24 |    22 ||    62
         Summon Blazeheart |       |     1 |    30 |    42 ||    73
         Summon Lightning  |       |       |     2 |    14 ||    16
         Animate Dead      |       |       |       |     3 ||     3
  Evoke: Wand              |       |       |       |     3 ||     3
    Use: Scroll            |     1 |     1 |     9 |     9 ||    20
         Potion            |       |       |     6 |     2 ||     8
   Stab: Sleeping          |     1 |     1 |       |       ||     2
         Distracted        |       |     2 |     1 |       ||     3
 Armour: Skin              |    37 |    15 |    94 |    98 ||   244
  Dodge: Dodged            |    71 |    43 |   200 |   295 ||   609

Table legend: (Time is in decaauts)
 A = Elapsed time spent in this place.
 B = Non-inter-level travel time spent in this place.
 C = Inter-level travel time spent in this place.
 D = Time resting spent in this place.
 E = Time spent auto-exploring this place.
 F = Levels seen in this place.
 G = Mean time per level.
                   A        B        C        D        E       F      G
               +--------+--------+--------+--------+--------+-----+--------+
         Total |  12051 |  11154 |    897 |    330 |   7587 |  15 |  803.4 |
       Dungeon |  11062 |  10168 |    894 |    253 |   7312 |  11 | 1005.6 |
        Temple |      1 |      1 |      0 |      0 |      0 |   1 |    1.0 |
          Lair |    433 |    430 |      3 |     25 |    177 |   1 |  433.0 |
         Sewer |    164 |    164 |      0 |      7 |     94 |   1 |  164.0 |
       Ossuary |    388 |    388 |      0 |     45 |      3 |   1 |  388.0 |
               +--------+--------+--------+--------+--------+-----+--------+

Top non-repeatable levels by time:
     D:8: 1605 daAuts
     D:7: 1583 daAuts
     D:9: 1198 daAuts
     D:2: 1115 daAuts
     D:3: 1090 daAuts
     D:1: 1043 daAuts
     D:5: 883 daAuts
     D:6: 839 daAuts
    D:10: 798 daAuts
     D:4: 680 daAuts
  Lair:1: 433 daAuts
 Ossuary: 388 daAuts
    D:11: 224 daAuts
   Sewer: 164 daAuts
  Temple: 1 daAuts
